 Dungeon Crawl Stone Soup version 0.21.1-1-g345015fe64 (webtiles) character file.

9851 Jerry the Slicer (level 11, -2/84 HPs)
             Began as a Vampire Monk on Mar 15, 2018.
             Was a High Priest of Kikubaaqudgha.
             Slain by a blink frog (15 damage)
             ... on level 1 of the Lair of Beasts.
             The game lasted 00:44:44 (10531 turns).

Jerry the Slicer (Vampire Monk)                    Turns: 10531, Time: 00:44:45

Health: -2/84      AC: 12    Str: 10    XL:     11   Next: 28%
Magic:  11/11      EV: 15    Int: 16    God:    Kikubaaqudgha [*****.]
Gold:   746        SH:  0    Dex: 17    Spells: 7/10 levels left

rFire    + . .     SeeInvis +   l - +4 short sword (vamp)
rCold    . . .     Gourm    .   (no shield)
rNeg     . . .     Faith    .   b - +4 troll leather armour {Purgy}
rPois    .         Spirit   .   (no helmet)
rElec    .         Reflect  .   (no cloak)
rCorr    .         Harm     .   (no gloves)
MR       +....                  (no boots)
Stlth    +++++.....             (no amulet)
HPRegen  0.84/turn              a - +4 ring of protection
MPRegen  0.12/turn              D - ring of protection from fire

@: regenerating quickly
A: fangs 3, see invisible, unbreathing
a: Receive Corpses, Torment, Renounce Religion


You were on level 1 of the Lair of Beasts.
You worshipped Kikubaaqudgha.
Kikubaaqudgha was extremely pleased with you.
You were full.

You visited 3 branches of the dungeon, and saw 13 of its levels.

You collected 746 gold pieces.

Inventory:

Hand Weapons
 l - a +4 vampiric short sword (weapon)
 t - the +2 short sword of Annoyance {flame, Int+5}
   (You found it on level 4 of the Dungeon)

   It has been specially enchanted to burn those struck by it, causing extra
   injury to most foes and up to half again as much damage against particularly
   susceptible opponents.
   It affects your intelligence (+5).
 A - a +0 scimitar of flaming
Armour
 b - a +4 troll leather armour (worn) {Purgy}
Jewellery
 a - a +4 ring of protection (left hand)
 v - an uncursed ring of positive energy
 D - a ring of protection from fire (right hand)
Wands
 s - a wand of flame (25)
 u - a wand of polymorph (9)
 B - a wand of iceblast (7)
Scrolls
 c - 8 scrolls of remove curse
 d - a scroll of teleportation
 g - 3 scrolls of magic mapping
 h - 2 scrolls of amnesia
 y - a scroll of identify
Potions
 e - 5 potions of heal wounds
 f - 17 potions of blood
 j - a potion of brilliance {unknown}
 k - 3 potions of haste {unknown}
 m - 5 potions of flight {unknown}
 n - 2 potions of curing
 o - a potion of invisibility {unknown}
 p - a potion of resistance {unknown}
 r - 3 potions of lignification {unknown}
 x - a potion of ambrosia {unknown}
 z - a potion of might {unknown}
 C - a potion of mutation {unknown}
 E - a potion of agility {unknown}
Books
 q - Kikubaaqudgha's Grimoire of Unholy Rites
   (Kikubaaqudgha gifted it to you in the Ecumenical Temple)

   Spells                             Type                      Level
   a - Pain                           Necromancy                   1
   b - Corpse Rot                     Necromancy                   2
   c - Sublimation of Blood           Necromancy                   2
   d - Vampiric Draining              Necromancy                   3
 w - Kikubaaqudgha's Papyrus of Sinister Secrets
   (Kikubaaqudgha gifted it to you on level 7 of the Dungeon)

   Spells                             Type                      Level
   a - Excruciating Wounds            Charms/Necromancy            5
   b - Borgnjor's Vile Clutch         Necromancy/Earth             5
   c - Dispel Undead                  Necromancy                   5
   d - Simulacrum                     Ice/Necromancy               6
   e - Death Channel                  Necromancy                   6


   Skills:
 + Level 7.5 Fighting
 - Level 12.1 Short Blades
 - Level 4.0 Armour
 + Level 6.2 Dodging
 + Level 12.0 Stealth
 + Level 0.4 Spellcasting
 - Level 6.0 Necromancy


You had 7 spell levels left.
You knew the following spells:

 Your Spells              Type           Power        Failure   Level  Hunger
a - Vampiric Draining     Necr           ###.......   8%          3    ####...


Dungeon Overview and Level Annotations

Branches:
Dungeon (11/15)            Temple (1/1) D:4            Lair (1/6) D:9
    Orc: D:9-12

Altars:
Ashenzari
Cheibriados
Dithmenos
Elyvilon
Fedhas
Gozag
Hepliaklqana
Kikubaaqudgha
Makhleb
Nemelex Xobeh
Okawaru
Qazlal
Ru
Sif Muna
Trog
Uskayaw
Vehumet
Wu Jian
Xom
Yredelemnul
Zin
The Shining One

Shops:
D:8 =%=:}   D:10 [

Annotations:
D:3 dundn's ghost, amateur TeAE
D:5 Fuxmar's ghost, novice GrFi


Innate Abilities, Weirdness & Mutations

Your natural rate of healing is unusually fast.
You have razor-sharp teeth.
You have supernaturally acute eyesight. (SInv)
You can survive without breathing.


Message History

The blink frog blinks!
There is a staircase back to the Dungeon here.
The blink frog hits you.
The blink frog blinks!
You climb upwards.
Welcome back to the Dungeon!
There is a staircase to the Lair here.
You start resting.
HP restored.
You climb downwards.
Welcome back to the Lair of Beasts!
The blink frog hits you!
The blink frog blinks!
The blink frog hits you! The spiny frog stings you!
The blink frog barely misses you. The blink frog hits you.
The blink frog blinks!
The blink frog hits you!
The blink frog blinks!
The spiny frog stings you!
* * * LOW HITPOINT WARNING * * *
The blink frog hits you but does no damage.
The blink frog hits you!
* * * LOW HITPOINT WARNING * * *
There is a staircase back to the Dungeon, spattered with blood here.
The blink frog barely misses you. The blink frog hits you!
You die...
Kikubaaqudgha rasps: "You have failed me!
Welcome... oblivion!"

......$...#####...#
.........§...)....##
.............F....P#
..............§...P#
.....F....##.###..##
..........#### #
...........#
......F.F.##
......F@..#
......F...#
####P##.### ## ###


You could see a spiny frog and 4 blink frogs.

Vanquished Creatures
  Harold (D:10)
  Erica (D:8)
  2 two-headed ogres
  A slime creature (D:10)
  A hippogriff (D:8)
  Prince Ribbit (D:4)
  A wyvern (D:11)
  4 yaks
  A steam dragon (D:8)
  3 basilisks (D:9)
  An acid dragon (D:9)
  4 porcupines
  3 ice beasts
  Purgy (D:3)
  3 orc warriors
  2 sky beasts
  8 ogres
  3 phantoms
  5 centaurs
  2 big kobolds
  7 bullfrogs
  2 scorpions
  6 howler monkeys
  13 crimson imps
  2 bullfrog zombies
  2 jellies (D:6)
  A centaur zombie (D:8)
  6 orc priests
  4 hounds
  11 orc wizards
  A quasit (D:7)
  4 centaur skeletons
  3 iguanas
  Terence (D:3)
  4 worker ants
  4 hound skeletons
  10 adders
  2 shadow imps
  2 oozes
  An adder zombie (D:7)
  An adder skeleton (D:5)
  5 worms
  4 dart slugs
  6 leopard geckos
  50 orcs
  7 bats
  10 giant cockroaches
  8 goblins
  5 hobgoblins
  21 jackals
  10 kobolds
  5 quokkas
  2 frilled lizards (D:3)
  A leopard gecko skeleton (D:5)
  13 rats
282 creatures vanquished.

Vanquished Creatures (others)
  A fungus (D:9)
  A plant (D:9)
2 creatures vanquished.

Grand Total: 284 creatures vanquished

Notes
Turn   | Place    | Note
-------+----------+-------------------------------------------
     0 | D:1      | Jerry the Vampire Monk began the quest for the Orb.
     0 | D:1      | Reached XP level 1. HP: 17/17 MP: 1/1
   102 | D:1      | Reached XP level 2. HP: 17/23 MP: 2/2
   546 | D:2      | Reached XP level 3. HP: 28/28 MP: 3/3
   764 | D:2      | Found a shadowy altar of Dithmenos.
   828 | D:2      | Reached XP level 4. HP: 35/35 MP: 4/4
  1338 | D:3      | Noticed dundn's ghost (amateur TeAE)
  1405 | D:3      | Noticed a bullfrog
  1414 | D:3      | Killed a bullfrog
  1414 | D:3      | Reached XP level 5. HP: 41/41 MP: 5/5
  1541 | D:3      | Found a radiant altar of Vehumet.
  1542 | D:3      | Found a burning altar of Makhleb.
  1545 | D:3      | Reached skill level 5 in Short Blades
  1625 | D:3      | Noticed Terence
  1640 | D:3      | Killed Terence
  1640 | D:3      | Reached skill level 5 in Stealth
  1877 | D:3      | Found a snail-covered altar of Cheibriados.
  2035 | D:3      | Noticed a phantom
  2063 | D:3      | Killed a phantom
  2063 | D:3      | Reached XP level 6. HP: 19/48 MP: 6/6
  2494 | D:3      | Noticed Purgy
  2499 | D:3      | Killed Purgy
  2779 | D:4      | Reached skill level 1 in Armour
  2779 | D:4      | Reached XP level 7. HP: 54/54 MP: 7/7
  2820 | D:4      | Found a staircase to the Ecumenical Temple.
  2833 | Temple   | Entered the Ecumenical Temple
  2872 | Temple   | Became a worshipper of Kikubaaqudgha
  2872 | Temple   | Reached * piety under Kikubaaqudgha
  2872 | Temple   | Identified Kikubaaqudgha's Grimoire of Unholy Rites (Kikubaaqudgha gifted it to you in the Ecumenical Temple)
  2872 | Temple   | Received a gift from Kikubaaqudgha
  2872 | Temple   | Reached ** piety under Kikubaaqudgha
  2909 | D:4      | Found a deep blue altar of Sif Muna.
  3134 | D:4      | Got a shimmering short sword
  3144 | D:5      | Entered Level 5 of the Dungeon
  3163 | D:5      | Identified the +2 short sword of Annoyance {flame, Int+5} (You found it on level 4 of the Dungeon)
  3244 | D:5      | Found a hazy altar of Hepliaklqana.
  3372 | D:5      | Noticed Fuxmar's ghost (novice GrFi)
  3381 | D:5      | Reached skill level 1 in Necromancy
  3818 | D:5      | Noticed Prince Ribbit
  4296 | D:4      | Killed Prince Ribbit
  4296 | D:4      | Reached XP level 8. HP: 53/61 MP: 8/8
  5125 | D:6      | Reached skill level 5 in Fighting
  5397 | D:6      | Reached XP level 9. HP: 68/68 MP: 9/9
  5405 | D:6      | Found a blossoming altar of Fedhas.
  5571 | D:7      | Reached *** piety under Kikubaaqudgha
  5571 | D:7      | Identified Kikubaaqudgha's Papyrus of Sinister Secrets (Kikubaaqudgha gifted it to you on level 7 of the Dungeon)
  5571 | D:7      | Received a gift from Kikubaaqudgha
  5778 | D:7      | Found a white marble altar of Elyvilon.
  5899 | D:7      | Found a stormy altar of Qazlal.
  6244 | D:8      | Noticed Erica
  6258 | D:8      | Killed Erica
  6418 | D:8      | Reached skill level 5 in Necromancy
  6471 | D:8      | Reached skill level 10 in Short Blades
  6598 | D:8      | Noticed a two-headed ogre
  6626 | D:8      | Reached XP level 10. HP: 76/76 MP: 10/10
  6651 | D:8      | Reached skill level 10 in Stealth
  6930 | D:8      | Killed a two-headed ogre
  7025 | D:8      | Found Wifar's Book Boutique.
  7027 | D:8      | Found Iluggawk's Jewellery Emporium.
  7038 | D:8      | Found Irrehemi's Gadget Boutique.
  7051 | D:8      | Reached **** piety under Kikubaaqudgha
  7070 | D:8      | Found Iratosho's Jewellery Shop.
  7093 | D:8      | Found Lyfip's Food Emporium.
  7607 | D:9      | Learned a level 3 spell: Vampiric Draining
  7942 | D:9      | Reached skill level 5 in Dodging
  8403 | D:9      | Found a staircase to the Lair.
  8694 | D:10     | Entered Level 10 of the Dungeon
  8991 | D:10     | Noticed a two-headed ogre
  9110 | D:10     | Killed a two-headed ogre
  9110 | D:10     | Reached XP level 11. HP: 84/84 MP: 11/11
  9259 | D:10     | Noticed Harold
  9264 | D:10     | Killed Harold
  9372 | D:10     | Found a radiant altar of Vehumet.
  9514 | D:10     | Reached ***** piety under Kikubaaqudgha
  9685 | D:10     | Found Eder's Armour Shoppe.
 10306 | D:11     | Noticed a red ugly thing
 10455 | Lair:1   | Entered Level 1 of the Lair of Beasts
 10531 | Lair:1   | Slain by a blink frog

Skill      XL: |  1  2  3  4  5  6  7  8  9 10 11 |
---------------+----------------------------------+-----
Fighting       | 3 4 5 6 7 |  7.5
Short Blades   | 4 5 6 7 8 10 11 12 | 12.1
Stealth        | 4 5 7 8 9 11 12 | 12.0
Dodging        | 4 5 6 |  6.2
Armour         | 1 2 3 4 |  4.0
Necromancy     | 2 3 5 6 |  6.0
Spellcasting   | |  0.4

Action                   |  1- 3 |  4- 6 |  7- 9 | 10-12 || total
-------------------------+-------+-------+-------+-------++-------
Melee: Short sword       |   152 |   201 |   515 |   577 ||  1445
       Bite              |    14 |    20 |    47 |    60 ||   141
Evoke: Wand              |       |       |       |     8 ||     8
  Use: Potion            |     2 |     8 |    12 |    12 ||    34
       Scroll            |       |    11 |     7 |     7 ||    25
 Stab: Sleeping          |     1 |     8 |    25 |    11 ||    45
       Distracted        |       |     1 |       |     3 ||     4
  Eat: Corpse            |       |       |       |    10 ||    10
Armor: Robe              |    26 |    40 |       |       ||    66
       Troll leather arm |       |     8 |   129 |   141 ||   278
       Leather armour    |       |     3 |       |       ||     3
Dodge: Dodged            |   111 |   135 |   272 |   271 ||   789
